 Dungeon Crawl Stone Soup version 0.28.0-62-gf88900778d (webtiles) character file.

Game seed: 5656691500117333091

17 cbfl8 the Skirmisher (level 2, -1/27 HPs)
             Began as a Hill Orc Fighter on May 26, 2023.
             Slain by a gnoll
             ... wielding a +0 flail
              (6 damage)
             ... on level 2 of the Dungeon.
             The game lasted 00:01:00 (605 turns).

cbfl8 the Skirmisher (Hill Orc Fighter)              Turns: 605, Time: 00:01:00

Health: -1/27      AC:  6    Str: 18    XL:     2   Next: 62%
Magic:  2/2        EV:  9    Int:  8    God:
Gold:   14         SH:  4    Dex: 10    Spells: 1/1 levels left

rFire   . . .      SeeInvis .   a - +0 war axe
rCold   . . .      Faith    .   f - +0 buckler
rNeg    . . .      Spirit   .   b - +0 scale mail
rPois   .          Reflect  .   (no helmet)
rElec   .          Harm     .   (no cloak)
rCorr   .          Rampage  .   (no gloves)
Will    .....                   (no boots)
Stlth   ..........              (no amulet)
HPRegen 0.09/turn               (no ring)
MPRegen 0.08/turn               (no ring)

@: mighty, silenced
A: no striking features
a: no special abilities


You were on level 2 of the Dungeon.
You visited 1 branch of the dungeon, and saw 2 of its levels.

You collected 14 gold pieces.

Inventory:

Hand Weapons
 a - a +0 war axe (weapon)
Missiles
 e - a throwing net (quivered)
Armour
 b - a +0 scale mail (worn)
 f - a +0 buckler (worn)
Potions
 c - a potion of resistance {unknown}


   Skills:
 + Level 3.7 Fighting
 + Level 3.5 Axes
 + Level 3.4 Armour
 + Level 3.4 Shields
 * Level 0.4 Evocations


You had one spell level left.
You didn't know any spells.
Your spell library was empty.

Dungeon Overview and Level Annotations

Branches:
Dungeon (2/15)

Altars:

Shops:
D:1 (?([(


Message History

The hobgoblin hits you but does no damage.
The adder bites you but does no damage.
Unknown command.
You feel very mighty all of a sudden.
You feel sick. The adder misses you.
The hobgoblin hits you but does no damage.
You closely miss the hobgoblin.
The hobgoblin is severely wounded.
You slash the adder!
You kill the adder!
You feel sick. The hobgoblin barely misses you.
Unknown command.
You barely miss the hobgoblin.
The hobgoblin is severely wounded.
You closely miss the adder. You closely miss the gnoll.
You feel sick. The hobgoblin hits you. The gnoll hits you with a +0 flail!
* * * LOW HITPOINT WARNING * * *
The adder barely misses you. The gnoll hits you but does no damage.
The hobgoblin hits you but does no damage.
The gnoll closely misses you. You block the adder's attack.
You are too injured to fight recklessly!
Unknown command.
You are too injured to fight recklessly!
Unknown command.
You are too injured to fight recklessly!
Unknown command.
You miss the adder. You barely miss the hobgoblin. You barely miss the gnoll.
You feel sick.
You are no longer poisoned.
You block the adder's attack. The gnoll hits you but does no damage.
You block the hobgoblin's attack. The gnoll barely misses you.
The adder closely misses you.
Unknown command.
You closely miss the adder. You slash the hobgoblin!
You kill the hobgoblin!
You closely miss the gnoll.
The gnoll hits you from afar with a +0 spear.
* * * LOW HITPOINT WARNING * * *
The gnoll hits you with a +0 flail.
You die...

#.....
#..g.##
###.....##
........g####
###......$..#
##.#.#.##g# #
#.#.##g#
#.#.##g#
#.#..#@#
..##.#Sgr# ..
...#lg# ..
.#..#..#
..##. #.# ..
.. ... ### ..
... ... ..


You could see 3 gnolls, an adder, a quokka, 2 goblins and a frilled lizard.

Vanquished Creatures
  An adder (D:2)
  An endoplasm (D:1)
  2 goblins (D:1)
  A hobgoblin (D:2)
  A kobold (D:1)
  2 ball pythons (D:1)
  2 frilled lizards (D:1)
10 creatures vanquished.

Notes
Turn   | Place    | Note
-------+----------+-------------------------------------------
     0 | D:1      | cbfl8 the Hill Orc Fighter began the quest for the Orb.
     0 | D:1      | Reached XP level 1. HP: 19/19 MP: 1/1
   124 | D:1      | Found Waiticox's Antique Weapon Emporium.
   165 | D:1      | Found Fyheng's Magic Scroll Boutique.
   276 | D:1      | Found Guc Poc's Weapon Emporium.
   315 | D:1      | Found Xeoptez's Weapon Shop.
   398 | D:1      | Found Vaesch's Armour Shoppe.
   498 | D:1      | Reached XP level 2. HP: 27/27 MP: 2/2
   605 | D:2      | Slain by a gnoll

Illustrated notes

Levels and vault maps discovered:
D:1:      minmay_arrival_up_and_down, layout_loops_ring, serial_shops,
          nicolae_shop_advertising_works [nicolae_subvault_shop_adworks],
          nicolae_shop_statue_plus, shop, shop, shop
D:2:      layout_rooms, basic_altar

Skill      XL: |  1 |
---------------+----+-----
Axes           | 3 |  3.5
Fighting       | |  3.7
Armour         | |  3.4
Shields        | |  3.4
Evocations     | |  0.4

Action                   || total
-------------------------++-------
Melee: War axe           ||    16
  Use: Scroll            ||     1
       Potion            ||     1
Armor: Scale mail        ||    10
Dodge: Dodged            ||    10
Block: Buckler           ||     4
